 Dungeon Crawl Stone Soup version 0.29.1-15-g9cfb28693d (webtiles) character file.

Game seed: 440198465585412165

103 H0rd4k the Charlatan (level 5, 0/38 HPs)
             Began as a Human Artificer on May 2, 2023.
             Slain by SharpKris's ghost (12 damage)
             ... on level 3 of the Dungeon.
             The game lasted 00:02:37 (4105 turns).

H0rd4k the Charlatan (Human Artificer)              Turns: 4105, Time: 00:02:38

Health: 0/38       AC:  3    Str: 22    XL:     5   Next: 6%
Magic:  5/5        EV: 12    Int: 13    God:
Gold:   117        SH:  0    Dex: 14    Spells: 4/4 levels left

rFire   . . .      SeeInvis +   l - +0 mace
rCold   . . .      Faith    .   (no shield)
rNeg    . . .      Spirit   .   b - +0 leather armour
rPois   .          Reflect  .   (no helmet)
rElec   .          Harm     .   (no cloak)
rCorr   .          Rampage  .   (no gloves)
Will    .....                   (no boots)
Stlth   ++........              (no amulet)
HPRegen 0.12/turn               s - ring of Toxol {Str+4 SInv}
MPRegen 0.09/turn               u - +6 ring of strength

@: about to teleport
A: no striking features
a: no special abilities


You were on level 3 of the Dungeon.
You visited 1 branch of the dungeon, and saw 3 of its levels.

You collected 117 gold pieces.

Inventory:

Hand Weapons
 l - a +0 mace (weapon)
Missiles
 o - a throwing net
 t - 6 curare-tipped darts
Armour
 b - a +0 leather armour (worn)
Jewellery
 s - the ring of Toxol (left hand) {Str+4 SInv}
   (You found it on level 2 of the Dungeon)

   [ring of see invisible]

   Str:       It affects your strength (+4).
   SInv:      It lets you see invisible.
 u - a +6 ring of strength (right hand)
Wands
 c - a wand of flame (14) (quivered)
 d - a wand of charming (12)
 e - a wand of iceblast (5)
Scrolls
 a - a scroll of butterflies {unknown}
 g - 4 scrolls of identify
 h - 2 scrolls of teleportation
 i - 2 scrolls of magic mapping {unknown}
 j - a scroll of enchant armour {unknown}
 m - 2 scrolls of enchant weapon {unknown}
 p - a scroll of torment {unknown}
Potions
 f - 2 potions of curing {unknown}
 k - a potion of haste {unknown}
 n - a potion of mutation {unknown}
 q - a potion of magic {unknown}
 r - 3 potions of invisibility {unknown}


   Skills:
 + Level 1.7 Fighting
 + Level 1.8 Maces & Flails
 - Level 2.0 Armour
 + Level 1.8 Dodging
 + Level 2.1 Stealth
 + Level 3.8 Evocations


You had 4 spell levels left.
You didn't know any spells.
Your spell library contained the following spells:

 Spells                   Type           Power      Damage    Failure   Level
 Sublimation of Blood     Necr           0%         N/A       47%         2
 Petrify                  Tmut/Erth      0%         N/A       98%         4
 Irradiate                Conj/Tmut      0%         3d11      100%        5


Dungeon Overview and Level Annotations

Branches:
Dungeon (3/15)

Altars:
Gozag
Ru
Zin

Shops:
D:2 =

Annotations:
D:3 SharpKris's ghost, novice HuFi


Message History

The orc hits your gnoll with a +0 falchion.
Your gnoll hits the orc with a +0 club.
Unknown command.
SharpKris's ghost attacks as you move away!
SharpKris's ghost hits you! The adder closely misses your gnoll.
The orc hits your gnoll with a +0 falchion.
Your gnoll hits the orc with a +0 club.
The orc dies!
The adder bites your gnoll.
Your gnoll is poisoned.
The adder poisons your gnoll!
Aiming: Charm
Press: ? - help, Shift-Dir - straight line, f - SharpKris's ghost, p - gnoll
Aim: SharpKris's ghost (chance to affect: 36%) SharpKris's ghost easily resists.
Your gnoll hits the adder with a +0 club.
SharpKris's ghost hits you! The ball python bites your gnoll.
The ball python grabs your gnoll. The ball python constricts your gnoll.
The adder bites your gnoll.
Your gnoll looks even sicker.
The adder poisons your gnoll!
Aiming: Charm
Press: ? - help, Shift-Dir - straight line, f/p - SharpKris's ghost
Aim: SharpKris's ghost (chance to affect: 36%) SharpKris's ghost easily resists.
The ball python bites your gnoll but does no damage.
The ball python constricts your gnoll. SharpKris's ghost hits you!
The adder bites your gnoll.
Your gnoll dies!
The adder hisses angrily.
SharpKris's ghost closely misses you.
SharpKris's ghost attacks as you move away!
SharpKris's ghost barely misses you.
As you read the scroll labelled TURHEI BOTZUUT, it crumbles to dust.
It is a scroll of identify.
h - 3 scrolls of teleportation SharpKris's ghost barely misses you.
As you read the scroll of teleportation, it crumbles to dust.
You feel strangely unstable. SharpKris's ghost hits you!
You die...

...#.#.##
####........#.####.##
# ...#....#
#.......###.#.# #..# #
#######.#
#.##.##.###.#.# #.## #
...#....#
#.##.##.##....# #.# #
##.#<####
#.##..........# #.# #
..[#.# #.#####.##...##
#.# # .#...#
#.#####.###.## #.# #
....## #.........#.#
#.# # .####
#########@.....#
#.##### ##
####.8.##.SW..#...##
#.##... #
#.#.$.$.#.S........#
#.##... #
#.#8...))..........#
#...... #
#.#∩$8_$'..........#
#...... #
#.#8.$$.'.........##
##..... #
#.#.....#..#..)..##
###...
#####.##∩8.##..##.÷..#
#...
...#...###########.#)#
##.#


You could see SharpKris's ghost, an adder and a ball python.

Vanquished Creatures
  4 adders
  3 dart slugs
  5 endoplasms
  4 giant cockroaches
  9 goblins
  6 hobgoblins
  3 jackals (D:3)
  5 kobolds
  A quokka (D:2)
  3 ball pythons
  5 bats
  3 frilled lizards
  3 rats
54 creatures vanquished.

Vanquished Creatures (collateral kills)
  An orc (D:3)
1 creature vanquished.

Vanquished Creatures (others)
  A gnoll (D:3)
1 creature vanquished.

Grand Total: 56 creatures vanquished

Notes
Turn   | Place    | Note
-------+----------+-------------------------------------------
     0 | D:1      | H0rd4k the Human Artificer began the quest for the Orb.
     0 | D:1      | Reached XP level 1. HP: 15/15 MP: 1/1
   249 | D:1      | Reached XP level 2. HP: 4/21 MP: 2/2
  1044 | D:1      | Reached XP level 3. HP: 2/26 MP: 3/3
  1357 | D:1      | Found a faded altar of an unknown god.
  2289 | D:2      | Found a glowing silver altar of Zin.
  2301 | D:2      | Reached skill level 1 in Maces & Flails
  2449 | D:2      | Reached XP level 4. HP: 32/32 MP: 4/4
  2539 | D:2      | Found Egorgh's Jewellery Shop.
  2591 | D:2      | Identified the ring of Toxol {Str+4 SInv}
  3375 | D:3      | Found a sacrificial altar of Ru.
  3648 | D:3      | Reached XP level 5. HP: 24/38 MP: 5/5
  3815 | D:3      | Found a runed translucent gate.
  3817 | D:3      | Found a runed translucent gate.
  3818 | D:3      | Found a runed translucent gate.
  3832 | D:3      | Found an opulent altar of Gozag.
  3845 | D:3      | Noticed SharpKris's ghost (novice HuFi)
  4105 | D:3      | Slain by SharpKris's ghost

Illustrated notes

Levels and vault maps discovered:
D:1:      lightli_arrival_flooded_house, layout_basic, basic_ecumenical_altar,
          minmay_pentomino_q4
D:2:      layout_basic, basic_altar, serial_shops, nicolae_shop_hallway_stairs,
          minmay_misc_feat_doors
D:3:      layout_loops_ring, nicolae_ru_the_path_less_chosen,
          ebering_ghost_gozag

Skill      XL: |  1  2  3  4 |
---------------+-------------+-----
Maces & Flails | 1 |  1.8
Stealth        | 2 |  2.1
Fighting       | |  1.7
Armour         | |  2.0
Dodging        | |  1.8
Evocations     | |  3.8

Action                   |  1- 3 |  4- 6 || total
-------------------------+-------+-------++-------
Melee: Club              |   100 |       ||   100
       Mace              |    55 |    82 ||   137
       Punch             |     2 |     1 ||     3
Evoke: Wand              |     1 |     3 ||     4
  Use: Scroll            |       |     2 ||     2
 Stab: Sleeping          |     3 |     4 ||     7
Armor: Leather armour    |    58 |    33 ||    91
Dodge: Dodged            |   120 |    77 ||   197
